 Dungeon Crawl Stone Soup version 0.29.0-4-gdea44cf6ec (webtiles) character file.

Game seed: 4503907560520022027

183 qw the Chopper (level 5, 0/30 HPs)
             Began as a Tengu Warper on Aug 28, 2022.
             Succumbed to a scorpion's poison
             ... on level 4 of the Dungeon.
             The game lasted 00:00:18 (3092 turns).

qw the Chopper (Tengu Warper)                       Turns: 3092, Time: 00:00:18

Health: 0/30       AC:  8    Str: 13    XL:     5   Next: 62%
Magic:  9/9        EV:  5    Int: 13    God:
Gold:   148        SH:  8    Dex: 14    Spells: 8/8 levels left

rFire   . . .      SeeInvis .   Y - +0 hand axe
rCold   . . .      Faith    .   d - +0 kite shield
rNeg    . . .      Spirit   .   h - +0 chain mail
rPois   .          Reflect  .   (helmet restricted)
rElec   .          Harm     .   (no cloak)
rCorr   .          Rampage  .   (no gloves)
Will    .....                   (boots unavailable)
Stlth   ..........              (no amulet)
HPRegen 0.10/turn               (no ring)
MPRegen 0.11/turn               (no ring)

@: lethally poisoned (0 -> -4), flying quickly and evasively, quick
A: beak, talons 3, nimble flight
a: no special abilities


You were on level 4 of the Dungeon.
You visited 1 branch of the dungeon, and saw 4 of its levels.

You collected 148 gold pieces.


Innate Abilities, Weirdness & Mutations

You have a beak for a mouth.
You have claws for feet.
Your magical nature lets you fly swiftly and evasively.


   Skills:
 - Level 2.0 Fighting
 + Level 5.0 Axes
 - Level 1.0 Throwing
 - Level 1.1 Armour
 - Level 2.1 Dodging
 - Level 3.0 Shields
 - Level 2.0 Spellcasting
 - Level 2.4 Translocations


You had 8 spell levels left.
You didn't know any spells.
Your spell library contained the following spells:

 Spells                   Type           Power      Damage    Failure   Level
 Blink                    Tloc           14%        N/A       100%        2
 Gell's Gravitas          Tloc           7%         N/A       100%        3
 Lesser Beckoning         Tloc           7%         N/A       100%        3
 Teleport Other           Tloc           7%         N/A       100%        3
 Manifold Assault         Tloc           7%         N/A       100%        5

Inventory:

Hand Weapons
 l - a +0 whip
 Y - a +0 hand axe (weapon)
Missiles
 k - 2 javelins (quivered)
Armour
 d - a +0 kite shield (worn)
 h - a +0 chain mail (worn)
Scrolls
 b - a scroll of identify
Potions
 c - a potion of resistance {unknown}
 e - a potion of degeneration {unknown}
 f - a potion of curing
 g - a potion of attraction {unknown}
 j - a potion of might {unknown}
 m - a potion of brilliance {unknown}

Dungeon Overview and Level Annotations

Branches:
Dungeon (4/15)
 Temple: D:4-7

Altars:

Shops:
D:1 (

Annotations:
D:3 2 runed translucent doors, qw's ghost, amateur TeWr


Message History

Your peck misses the scorpion. The scorpion stings you.
You are poisoned.
The scorpion poisons you! You block the scorpion's attack.
You hit the scorpion. Your kick misses the scorpion.
The scorpion is moderately wounded.
You feel very sick.
The scorpion stings you but does no damage.
You block the scorpion's attack.
You hit the scorpion but do no damage. Your kick misses the scorpion.
The scorpion is moderately wounded.
You feel sick.
The scorpion stings you but does no damage.
3086 ||| DRINKING potion of heal wounds.
You feel much better.
You feel sick. The scorpion barely misses you.
You closely miss the scorpion.
You claw the scorpion, but do no damage.
The scorpion is moderately wounded.
You feel sick. The scorpion stings you.
You are lethally poisoned!
The scorpion poisons you! You block the scorpion's attack.
You barely miss the scorpion. Your kick misses the scorpion.
The scorpion is moderately wounded.
You feel very sick. You block the scorpion's attack.
You hit the scorpion. Your kick misses the scorpion. You peck the scorpion.
The scorpion is heavily wounded.
You feel sick. You block the scorpion's attack.
The scorpion stings you but does no damage.
You barely miss the scorpion. Your kick misses the scorpion.
You peck the scorpion.
The scorpion is severely wounded.
You feel sick. The scorpion stings you.
You closely miss the scorpion. Your kick misses the scorpion.
The scorpion is severely wounded.
You feel sick. You block the scorpion's attack. The scorpion barely misses you.
You closely miss the scorpion. You claw the scorpion.
The scorpion is almost dead.
You die...

### ..# #(. #.# ##..
#.# ##... #.#######
... ........# ...
#######.# #D#
~~~~~...# #s#
~~~~~.~.# #@#
#~~~~~.~# #.#
##~~~~~.# #.#
##~~~~.# #.#
##~~~~~.# #####.#
#..~~~~.# #.....#
...~~~..####.#...####
...~~~...)..........+
...~~~~..###.#...####


You could see a steam dragon and a scorpion.

Vanquished Creatures
  3 hounds (D:4)
  2 adders
  2 worms
  A dart slug (D:1)
  An orc (D:3)
  9 ball pythons
  6 bats
  6 endoplasms
  4 giant cockroaches
  4 goblins
  8 hobgoblins
  4 jackals (D:2)
  A quokka (D:2)
  4 frilled lizards
  6 kobolds
  6 rats
67 creatures vanquished.

Notes
Turn   | Place    | Note
-------+----------+-------------------------------------------
     0 | D:1      | qw the Tengu Warper began the quest for the Orb.
     0 | D:1      | Reached XP level 1. HP: 12/12 MP: 4/4
     0 | D:1      | 0 ||| qw: Version: 0.1-a-89-g26bdef1
     0 | D:1      | 0 ||| qw: Game counter: 285
     0 | D:1      | 0 ||| qw: Always use a shield: true
     0 | D:1      | 0 ||| qw: God list: Okawaru
     0 | D:1      | 0 ||| qw: Allow faded altars: false
     0 | D:1      | 0 ||| qw: Do Orc after D:15 true
     0 | D:1      | 0 ||| qw: Do second Lair branch before Depths: true
     0 | D:1      | 0 ||| qw: Lair rune preference: random
     0 | D:1      | 0 ||| qw: Plans: Normal
     0 | D:1      | 0 ||| PLANNING D:1-11
   141 | D:1      | 141 ||| Stepping ~*~*~tactically~*~*~ (stealth).
   146 | D:1      | 146 ||| Stepping ~*~*~tactically~*~*~ (stealth).
   148 | D:1      | 148 ||| Stepping ~*~*~tactically~*~*~ (stealth).
   150 | D:1      | 150 ||| Stepping ~*~*~tactically~*~*~ (stealth).
   152 | D:1      | 152 ||| Stepping ~*~*~tactically~*~*~ (stealth).
   195 | D:1      | Reached XP level 2. HP: 17/17 MP: 6/6
   261 | D:1      | Reached skill level 3 in Axes
   314 | D:1      | 314 ||| Stepping ~*~*~tactically~*~*~ (hiding).
   585 | D:1      | Found Femaluar's Antique Weapon Boutique.
   589 | D:1      | 589 ||| SHOPLISTING morningstar (88 gold, have 9).
   673 | D:1      | 673 ||| Stepping ~*~*~tactically~*~*~ (stealth).
   677 | D:1      | 677 ||| Stepping ~*~*~tactically~*~*~ (stealth).
   804 | D:1      | Reached XP level 3. HP: 21/21 MP: 7/7
   992 | D:1      | 992 ||| UPGRADING to +0 scale mail.
  1002 | D:1      | 1002 ||| DROPPING +0 leather armour.
  1003 | D:1      | 1003 ||| READING scroll labelled MYGGUE WIER.
  1004 | D:1      | 1004 ||| READING scroll labelled RAESET GUONNA.
  1005 | D:1      | 1005 ||| DROPPING scroll of blinking.
  1039 | D:2      | 1039 ||| STAIRDANCE
  1046 | D:1      | Reached skill level 4 in Axes
  1074 | D:2      | 1074 ||| STAIRDANCE
  1498 | D:2      | Reached XP level 4. HP: 25/26 MP: 8/8
  1577 | D:2      | Found a faded altar of an unknown god.
  1745 | D:2      | 1745 ||| UPGRADING to +0 kite shield.
  1750 | D:2      | 1750 ||| UPGRADING to +0 chain mail.
  1760 | D:2      | 1760 ||| DROPPING +0 scale mail.
  2201 | D:3      | 2201 ||| Stepping ~*~*~tactically~*~*~ (stealth).
  2206 | D:3      | Reached skill level 1 in Shields
  2384 | D:3      | Found a runed translucent door.
  2386 | D:3      | Noticed qw's ghost (amateur TeWr)
  2387 | D:3      | Noticed a bullfrog
  2592 | D:3      | Found a runed translucent door.
  2747 | D:3      | 2747 ||| READING scroll labelled LODUOBL FARUL.
  2748 | D:3      | 2748 ||| READING scroll labelled XOENO NEMEVAVOSO.
  2757 | D:3      | 2757 ||| READING scroll labelled NOJONG IMELE.
  2758 | D:3      | 2758 ||| READING 2 scrolls labelled ODONAIC ADUA.
  2759 | D:3      | 2759 ||| DRINKING 2 bubbling ruby potions.
  2760 | D:3      | 2760 ||| DRINKING 2 bubbling pink potions.
  2761 | D:3      | 2761 ||| DROPPING scroll of vulnerability.
  2858 | D:4      | Gained mutation: Your magical nature lets you fly swiftly
                  | and evasively. [Tengu growth]
  2858 | D:4      | Reached XP level 5. HP: 23/30 MP: 9/9
  3019 | D:4      | 3019 ||| DROPPING +0 club.
  3066 | D:4      | Noticed a steam dragon
  3072 | D:4      | Reached skill level 3 in Shields
  3082 | D:4      | Reached skill level 5 in Axes
  3085 | D:4      | HP: 7/30 [poisoned by a scorpion]
  3086 | D:4      | 3086 ||| DRINKING potion of heal wounds.
  3090 | D:4      | HP: 6/30 [poisoned by a scorpion]
  3091 | D:4      | HP: 1/30 [poisoned by a scorpion]
  3092 | D:4      | Succumbed to a scorpion's poison

Levels and vault maps discovered:
D:1:      psy_arrival_radial01, layout_loops_ring, serial_shops, shop,
          dk_noncrumbling_3
D:2:      layout_rooms, shapermc_ecumenical_altar_petra,
          small_statue_intersection
D:3:      layout_loops_ring, ebering_ghost_sewer_f
D:4:      layout_loops_corners, chequers_serial_rivers_large_a,
          chequers_arboretum, minmay_cupped

Skill      XL: |  1  2  3  4  5 |
---------------+----------------+-----
Axes           | 3 4 5 |  5.0
Shields        | 2 3 |  3.0
Fighting       | |  2.0
Throwing       | |  1.0
Armour         | |  1.1
Dodging        | |  2.1
Spellcasting   | |  2.0
Translocations | |  2.4

Action                   |  1- 3 |  4- 6 || total
-------------------------+-------+-------++-------
Melee: Hand axe          |    91 |    70 ||   161
       Kick              |    14 |    23 ||    37
       Peck              |    10 |     5 ||    15
       Punch             |     1 |       ||     1
Throw: Boomerang         |     7 |       ||     7
       Javelin           |    10 |    26 ||    36
  Use: Scroll            |     2 |     4 ||     6
       Potion            |       |     3 ||     3
Armor: Leather armour    |     7 |       ||     7
       Scale mail        |    45 |     4 ||    49
       Chain mail        |       |    31 ||    31
Dodge: Dodged            |    63 |    12 ||    75
Block: Kite shield       |       |    25 ||    25

Table legend:
 A = Non-vault XP
 B = Vault XP
 C = Vault XP percentage of total XP
 D = Non-vault monster count
 E = Vault monster count
 F = Vault count percentage of total count
                 A         B        C        D         E       F
            +---------+---------+-------+---------+---------+-------
      Total |     217 |      45 |  17.2 |      65 |       2 |   3.0
            +---------+---------+-------+---------+---------+-------
        D:1 |      53 |       0 |   0.0 |      26 |       0 |   0.0
        D:2 |      33 |       0 |   0.0 |      17 |       0 |   0.0
        D:3 |      41 |       0 |   0.0 |      16 |       0 |   0.0
        D:4 |      90 |      45 |  33.3 |       6 |       2 |  25.0
            +---------+---------+-------+---------+---------+-------
